 Dungeon Crawl Stone Soup version 0.23-a0-270-gab6feb3 (webtiles) character file.

393 technobutter the Covered (level 6, -5/49 HPs)
             Began as a Barachi Fighter on Sept 30, 2018.
             Slain by a troll (14 damage)
             ... on level 4 of the Dungeon on Oct 1, 2018.
             The game lasted 00:22:07 (3591 turns).

technobutter the Covered (Barachi Fighter)          Turns: 3591, Time: 00:22:07

Health: -5/49      AC:  9    Str: 18    XL:     6   Next: 81%
Magic:  6/6        EV:  8    Int:  8    God:
Gold:   215        SH: 10    Dex: 13    Spells: 5/5 levels left

rFire    x . .     SeeInvis .   a - +0 long sword
rCold    + . .     Gourm    .   c - +0 shield
rNeg     . . .     Faith    .   b - +0 scale mail
rPois    .         Spirit   .   (no helmet)
rElec    .         Reflect  .   (no cloak)
rCorr    .         Harm     .   r - +0 pair of gloves
MR       .....                  j - +0 pair of boots
Stlth    ..........             (no amulet)
HPRegen  0.16/turn              h - ring of ice
MPRegen  0.10/turn              (no ring)

@: slow
A: +LOS, swims, slowness 1, strong legs 1
a: Hop


You were on level 4 of the Dungeon.
You were not hungry.

You visited 1 branch of the dungeon, and saw 5 of its levels.

You collected 215 gold pieces.

Inventory:

Hand Weapons
 a - a +0 long sword (weapon)
Armour
 b - a +0 scale mail (worn)
 c - a +0 shield (worn)
 j - a +0 pair of boots (worn)
 r - a +0 pair of gloves (worn)
Jewellery
 h - a ring of ice (left hand)
 t - an uncursed ring of ice
 A - a +4 amulet of reflection {unknown}
Wands
 x - a wand of disintegration (12)
Scrolls
 i - a scroll of remove curse
 q - 3 scrolls of amnesia
 u - a scroll of magic mapping
 v - a scroll of identify
 y - a scroll of fear
 z - a scroll of teleportation {unknown}
Potions
 d - 2 potions of might
 e - a potion of magic {unknown}
 g - a potion of invisibility
 k - a potion of resistance {unknown}
 l - a potion of agility {unknown}
 m - a potion of curing {unknown}
 n - 2 potions of ambrosia {unknown}
 o - a potion of flight {unknown}
 p - a potion of lignification {unknown}
 s - a potion of heal wounds
 w - a potion of haste {unknown}
Comestibles
 f - 6 rations


   Skills:
 + Level 4.4 Fighting
 + Level 4.9 Long Blades
 + Level 5.2 Armour
 + Level 2.1 Dodging
 + Level 5.1 Shields


You had 5 spell levels left.
You didn't know any spells.
Your spell library was empty.

Dungeon Overview and Level Annotations

Branches:
Dungeon (5/15)
 Temple: D:4-7

Altars:
Cheibriados
Gozag
Ru


Innate Abilities, Weirdness & Mutations

Shadows flee at your approach. (+LOS)
You can swim through water.
You cover ground slowly.
You can hop short distances.


Message History

You hit the scorpion.
The scorpion is severely wounded.
You block the scorpion's attack. x2
Your shield prevents you from hitting the scorpion.
The scorpion is severely wounded.
You block the scorpion's attack.
You slash the scorpion!
You kill the scorpion!
You barely miss the troll. The troll bites you! The troll barely misses you.
The troll claws you.
You barely miss the troll. The troll barely misses you. The troll claws you!
You block the troll's attack. The troll bites you.
You block the troll's attack. The troll closely misses you.
The troll bites you!
* * * LOW HITPOINT WARNING * * *
You block the troll's attack. The troll claws you but does no damage.
There is a stone staircase leading down here.
The troll bites you!
You die...

#...##......#
###....##+###
#....#.#
#.##...#
#......#
#..##..#
#......#
###.)##.T#
#.......@#
#.########
... .#


You could see a troll.

Vanquished Creatures
  An ice beast (D:5)
  A sky beast (D:5)
  A scorpion (D:4)
  A hound (D:5)
  An orc wizard (D:3)
  A hound skeleton (D:4)
  4 adders
  A dart slug (D:2)
  2 leopard geckos (D:2)
  8 orcs (D:3)
  6 bats
  A giant cockroach (D:3)
  6 hobgoblins
  2 jackals (D:2)
  8 kobolds
  3 quokkas
  2 frilled lizards
  5 goblins
  9 rats
63 creatures vanquished.

Notes
Turn   | Place    | Note
-------+----------+-------------------------------------------
     0 | D:1      | technobutter the Barachi Fighter began the quest for the
                  | Orb.
     0 | D:1      | Reached XP level 1. HP: 18/18 MP: 1/1
   674 | D:1      | Reached XP level 2. HP: 25/25 MP: 2/2
  1060 | D:2      | Found a snail-covered altar of Cheibriados.
  1240 | D:2      | Reached XP level 3. HP: 30/30 MP: 3/3
  1734 | D:2      | Found an opulent altar of Gozag.
  1741 | D:2      | Found a sacrificial altar of Ru.
  1751 | D:2      | Reached skill level 1 in Dodging
  2097 | D:3      | Reached XP level 4. HP: 34/37 MP: 4/4
  2683 | D:3      | Reached XP level 5. HP: 42/42 MP: 5/5
  3153 | D:5      | Entered Level 5 of the Dungeon
  3171 | D:5      | Noticed an ice beast
  3186 | D:5      | Killed an ice beast
  3301 | D:5      | Reached XP level 6. HP: 47/48 MP: 6/6
  3339 | D:5      | Noticed a sky beast
  3360 | D:5      | Killed a sky beast
  3360 | D:5      | Reached skill level 5 in Armour
  3360 | D:5      | Reached skill level 5 in Shields
  3567 | D:4      | Noticed a troll
  3591 | D:4      | Slain by a troll

Vault maps used:
D:1:      kennysheep_arrival_seaside
D:2:      overflow_temple_1_default, grunt_temple_overflow_open
D:3:      grunt_ministairs_2
D:4:      minmay_temple_entry_butterflies, serial_shops, shop_scrolls,
          nicolae_ossuary_entry_false_entrances, kennysheep_generic_room_10
D:5:      grunt_temple_overflow_forces_of_nature, lemuel_coloured_pillars_altar,
          first_ration, ebering_ghost_inner_flame, bloody_makhleb, uniq_grinder

Skill      XL: |  1  2  3  4  5  6 |
---------------+-------------------+-----
Armour         | 4 5 |  5.2
Long Blades    | 3 4 |  4.9
Dodging        | 1 2 |  2.1
Shields        | 4 5 |  5.1
Fighting       | 4 |  4.4

Action                   |  1- 3 |  4- 6 || total
-------------------------+-------+-------++-------
Melee: Long sword        |   137 |   134 ||   271
  Use: Scroll            |     5 |     4 ||     9
  Eat: Ration            |     2 |     1 ||     3
Armor: Scale mail        |    77 |    61 ||   138
Dodge: Dodged            |    49 |    44 ||    93
Block: Shield            |    87 |    69 ||   156
       Rpst.: Long sword |    10 |    12 ||    22

Table legend:
 A = Non-vault XP
 B = Vault XP
 C = Vault XP percentage of total XP
 D = Non-vault monster count
 E = Vault monster count
 F = Vault count percentage of total count
                 A         B        C        D         E       F
            +---------+---------+-------+---------+---------+-------
      Total |     561 |       1 |   0.2 |      62 |       1 |   1.6
            +---------+---------+-------+---------+---------+-------
        D:1 |      18 |       0 |   0.0 |      13 |       0 |   0.0
        D:2 |      57 |       0 |   0.0 |      19 |       0 |   0.0
        D:3 |      94 |       1 |   1.1 |      22 |       1 |   4.3
        D:4 |      91 |       0 |   0.0 |       4 |       0 |   0.0
        D:5 |     301 |       0 |   0.0 |       4 |       0 |   0.0
            +---------+---------+-------+---------+---------+-------
